 Dungeon Crawl Stone Soup version 0.28-a0-1182-g381e24db82 (webtiles) character file.

Game seed: 11449881388655247208

2299 flotson the Skirmisher (level 9, -10/65 (70) HPs)
             Began as a Demonspawn Gladiator on Dec 16, 2021.
             Mangled by a wight (15 damage)
             ... on level 7 of the Dungeon.
             The game lasted 00:13:14 (8558 turns).

flotson the Skirmisher (Demonspawn Gladiator)       Turns: 8558, Time: 00:13:15

HP:   -10/65 (70)   AC: 11    Str: 18 (20) XL:     9   Next: 17%
MP:   9/9           EV: 10    Int:  7 (9)  God:
Gold: 255           SH:  0    Dex: 12 (14) Spells: 8/8 levels left

rFire   . . .      SeeInvis .   a - +2 whip (flame)
rCold   . . .      Faith    .   (no shield)
rNeg    . . .      Spirit   .   f - +0 chain mail
rPois   .          Reflect  .   (helmet restricted)
rElec   .          Harm     .   (no cloak)
rCorr   .          Rampage  .   (no gloves)
Will    .....                   l - +0 pair of boots
Stlth   ..........              (no amulet)
HPRegen 3.00/turn               (no ring)
MPRegen 0.11/turn               (no ring)

@: brilliant, on berserk cooldown, flying, slowed, drained, very slow
A: antennae 1, foul stench 2, powered by death 2, sturdy frame 1, deterioration
1, regeneration 1
a: no special abilities


You were on level 7 of the Dungeon.
You visited 1 branch of the dungeon, and saw 7 of its levels.

You collected 255 gold pieces.

Inventory:

Hand Weapons
 a - a +2 whip of flaming (weapon)
Missiles
 d - a throwing net
 r - 6 boomerangs
 s - 2 curare-tipped darts (quivered)
Armour
 f - a +0 chain mail (worn)
 l - a +0 pair of boots (worn)
Jewellery
 y - a ring of wizardry
Wands
 A - a wand of flame (22)
Scrolls
 b - a scroll of teleportation {unknown}
 c - a scroll of acquirement {unknown}
 e - a scroll of brand weapon {unknown}
 i - a scroll of blinking {unknown}
 j - 2 scrolls of fog
 k - 7 scrolls of identify
 n - 2 scrolls of immolation {unknown}
 p - a scroll of vulnerability {unknown}
 v - a scroll of summoning {unknown}
 w - a scroll of magic mapping {unknown}
 x - a scroll of torment {unknown}
 z - a scroll of fear {unknown}
Potions
 g - a potion of mutation
 h - a potion of degeneration
 q - a potion of flight
 t - a potion of haste {unknown}
 u - a potion of might {unknown}


   Skills:
 + Level 6.3 Fighting
 - Level 2.6 Axes
 + Level 5.7 Throwing
 + Level 5.4 Armour
 + Level 6.2 Dodging
 + Level 1.0 Evocations


You had 8 spell levels left.
You didn't know any spells.
Your spell library was empty.

Dungeon Overview and Level Annotations

Branches:
Dungeon (7/15)
 Temple: D:4-7

Altars:
Ashenzari
Elyvilon
Sif Muna
Wu Jian
Beogh


Innate Abilities, Weirdness & Mutations

You have a pair of small antennae on your head.
You sometimes emit foul miasma when damaged in melee.
You regenerate health from kills.
Your movements are slightly less encumbered by armour. (ER -2)
Your body sometimes deteriorates upon taking damage.
Your natural rate of healing is unusually fast.


Message History

The wight hits you but does no damage.
You barely miss the wight.
The wight is severely damaged.
You hit the wight but do no damage.
The wight is severely damaged.
The wight barely misses you.
You whack the wight! You burn the wight.
You destroy the wight!
The wight hits you from afar with a +0 spear.
You feel drained.
Your Evocations skill increases to level 1!
You barely miss the wight. You hit the wight but do no damage.
The wight hits you but does no damage. The wight hits you with a +1 scimitar.
You hit the wight. You burn the wight.
The wight is heavily damaged.
You are no longer berserk.
You are exhausted.
You feel yourself slow down. The wight barely misses you.
The wight hits you from afar with a +0 spear!
* * * LOW HITPOINT WARNING * * *
You feel drained.
* * * LOW HITPOINT WARNING * * *
Press: ? - help, v - describe, . - travel, g - get item
Here: a wight, wielding a +1 scimitar and wearing a +0 robe (heavily damaged)
Items here: a +2 hand axe; a +0 robe.
The floor.
Unknown command.
Unknown command.
As you read the scroll labelled MEASOBLUPS, it crumbles to dust.
It is a scroll of identify.
j - 2 scrolls of fog The wight hits you with a +1 scimitar!
* * * LOW HITPOINT WARNING * * *
You feel drained.
* * * LOW HITPOINT WARNING * * *
The wight hits you from afar with a +0 spear.
* * * LOW HITPOINT WARNING * * *
The wight hits you with a +1 scimitar!
You die...

#..)..........# #
###....>....## .##
###.....### ...
##.♣.## #.###
###.....###
...###....>....###
#.#.............#
#...♣...###...♣.+
###^z@### ###...#
##z## ##.## #z.#
.# #.## ..
.##.#######.#####
...
.....z.zz.).....#
# #...
###.###########.#
o# #.# .####
#o##.o..#


You could see 3 wights.

Vanquished Creatures
  Pikel (D:5)
  Grinder (D:6)
  A water moccasin (D:6)
  An orc warrior (D:7)
  A hornet zombie (D:7)
  2 ice beasts
  An ogre (D:5)
  A phantom (D:3)
  2 lemures
  2 scorpions
  A water moccasin skeleton (D:4)
  A wight (D:7)
  3 hounds
  2 bullfrog skeletons
  2 orc priests (D:5)
  2 centaur skeletons
  A gnoll shaman (D:3)
  Terence (D:3)
  2 iguanas
  4 orc wizards
  A howler monkey zombie (D:6)
  9 gnolls
  10 adders
  2 white imps
  2 ufetubi (D:6)
  An adder skeleton (D:5)
  3 dart slugs
  22 orcs
  6 bats
  7 endoplasms
  2 giant cockroaches
  6 goblins
  6 hobgoblins
  6 jackals (D:2)
  5 kobolds
  2 quokkas
  3 ball pythons (D:2)
  A frilled lizard (D:1)
  3 rats
129 creatures vanquished.

Vanquished Creatures (others)
  An adder skeleton (D:4)
  13 plants (D:1)
14 creatures vanquished.

Grand Total: 143 creatures vanquished

Notes
Turn   | Place    | Note
-------+----------+-------------------------------------------
     0 | D:1      | flotson the Demonspawn Gladiator began the quest for the
                  | Orb.
     0 | D:1      | Reached XP level 1. HP: 16/16 MP: 1/1
   203 | D:1      | Gained mutation: You may rarely emit foul miasma when
                  | damaged in melee. [demonic ancestry]
   203 | D:1      | Reached XP level 2. HP: 22/22 MP: 2/2
  1446 | D:2      | Reached skill level 1 in Armour
  1479 | D:2      | Gained mutation: You regenerate a little health from kills.
                  | [demonic ancestry]
  1479 | D:2      | Reached XP level 3. HP: 28/28 MP: 3/3
  1622 | D:2      | Found a faded altar of an unknown god.
  2123 | D:3      | Gained mutation: Your movements are slightly less
                  | encumbered by armour. (ER -2) [demonic ancestry]
  2123 | D:3      | Reached XP level 4. HP: 30/34 MP: 4/4
  2202 | D:3      | Noticed Terence
  2221 | D:3      | Killed Terence
  2509 | D:3      | Noticed a scorpion
  2516 | D:3      | Killed a scorpion
  2517 | D:3      | Gained mutation: You regenerate health from kills. [demonic
                  | ancestry]
  2517 | D:3      | Reached XP level 5. HP: 41/41 MP: 5/5
  3276 | D:4      | Gained mutation: You sometimes emit foul miasma when
                  | damaged in melee. [demonic ancestry]
  3276 | D:4      | Reached XP level 6. HP: 42/47 MP: 6/6
  4466 | D:3      | Gained mutation: You have a pair of small antennae on your
                  | head. [demonic ancestry]
  4466 | D:3      | Reached XP level 7. HP: 40/54 MP: 7/7
  4845 | D:5      | Entered Level 5 of the Dungeon
  5935 | D:5      | Noticed Pikel
  6481 | D:5      | Killed Pikel
  6482 | D:5      | Reached skill level 5 in Fighting
  6482 | D:5      | Reached skill level 5 in Dodging
  6482 | D:5      | Reached XP level 8. HP: 22/63 MP: 8/8
  6824 | D:6      | Reached skill level 5 in Throwing
  6974 | D:6      | Found an ornate altar of the Wu Jian Council.
  7434 | D:6      | Noticed Grinder
  7469 | D:6      | Paralysed by Grinder for 3 turns
  7475 | D:6      | Killed Grinder
  7476 | D:6      | Reached skill level 5 in Armour
  7947 | D:6      | Found a broken altar of Ashenzari.
  7947 | D:6      | Found a shimmering blue altar of Sif Muna.
  8198 | D:7      | Reached XP level 9. HP: 30/69 MP: 9/9
  8543 | D:7      | Gained mutation: Your natural rate of healing is unusually
                  | fast. [potion of mutation]
  8543 | D:7      | Gained mutation: Your body sometimes deteriorates upon
                  | taking damage. [potion of mutation]
  8555 | D:7      | Reached skill level 1 in Evocations
  8558 | D:7      | Mangled by a wight

Illustrated notes

Levels and vault maps discovered:
D:1:      roderic_chinese_lattice_arrival, layout_basic, serial_bayou_lagoon_a,
          chequers_decorated_corner
D:2:      minmay_diamond_boxcup, layout_loops_corners,
          hellmonk_ecumenical_altar_defaced_shrine
D:3:      layout_loops_ring, uniq_terence
D:4:      layout_cave_pools
D:5:      layout_loops_corners, uniq_pikel
D:6:      layout_basic, elyvilon_altar_3, gammafunk_temple_overflow_wave,
          nzn_wu_jian_contemplation, uniq_grinder
D:7:      layout_loops_ring, temple_fountains, grunt_ministairs_13,
          chequers_hall_statues_y

Skill      XL: |  1  2  3  4  5  6  7  8  9 |
---------------+----------------------------+-----
Throwing       | 2 3 4 5 |  5.7
Dodging        | 3 4 5 6 |  6.2
Armour         | 1 2 3 4 5 |  5.4
Fighting       | 3 4 5 6 |  6.3
Evocations     | 1 |  1.0
Axes           | |  2.6

Action                   |  1- 3 |  4- 6 |  7- 9 || total
-------------------------+-------+-------+-------++-------
Melee: War axe           |   102 |       |       ||   102
       Morningstar       |     9 |   120 |       ||   129
       Halberd           |       |    30 |   171 ||   201
       Whip              |       |       |   141 ||   141
Throw: Throwing net      |       |     3 |     1 ||     4
       Dart              |       |       |     6 ||     6
  Use: Potion            |       |     3 |     7 ||    10
       Scroll            |       |       |     1 ||     1
 Stab: Held in net/web   |       |     1 |       ||     1
Armor: Leather armour    |     9 |       |       ||     9
       Ring mail         |    49 |     7 |       ||    56
       Skin              |       |     8 |       ||     8
       Chain mail        |       |   103 |   167 ||   270
Dodge: Dodged            |   108 |   111 |   154 ||   373

Table legend: (Time is in decaauts)
 A = Elapsed time spent in this place.
 B = Non-inter-level travel time spent in this place.
 C = Inter-level travel time spent in this place.
 D = Time resting spent in this place.
 E = Time spent auto-exploring this place.
 F = Levels seen in this place.
 G = Mean time per level.
                   A        B        C        D        E       F      G
               +--------+--------+--------+--------+--------+-----+--------+
         Total |   8754 |   8272 |    482 |   1005 |   5631 |   7 | 1250.6 |
       Dungeon |   8754 |   8272 |    482 |   1005 |   5631 |   7 | 1250.6 |
               +--------+--------+--------+--------+--------+-----+--------+

Top non-repeatable levels by time:
     D:3: 2150 daAuts
     D:5: 1587 daAuts
     D:6: 1341 daAuts
     D:2: 1112 daAuts
     D:4: 1101 daAuts
     D:1: 1028 daAuts
     D:7: 432 daAuts
